 Dungeon Crawl Stone Soup version 0.30-a0-996-ga6910c8ee8 (webtiles) character file.

Game seed: 12924492853315274758

27 Maxmaps the Insei (level 2, -1/24 HPs)
             Began as a Demonspawn Monk on Apr 5, 2023.
             Slain by an orc
             ... wielding a +0 hand axe
              (7 damage)
             ... on level 2 of the Dungeon.
             The game lasted 00:00:51 (991 turns).

Maxmaps the Insei (Demonspawn Monk)                  Turns: 991, Time: 00:00:52

Health: -1/24      AC:  2    Str: 11    XL:     2   Next: 93%
Magic:  2/2        EV: 12    Int: 11    God:
Gold:   67         SH:  0    Dex: 15    Spells: 1/1 levels left

rFire   . . .      SeeInvis .      - Unarmed
rCold   . . .      Faith    .    (no shield)
rNeg    . . .      Spirit   .    a - +0 robe
rPois   .          Reflect  .    (no helmet)
rElec   .          Rampage  .    (no cloak)
rCorr   .                        (no gloves)
Will    .....                    (no boots)
Stlth   ++                       k - amulet of magic regeneration
HPRegen 0.24/turn                (no ring)
MPRegen 0.48/turn                (no ring)

@: no status effects
A: powered by death 1
a: no special abilities


You were on level 2 of the Dungeon.
You visited 1 branch of the dungeon, and saw 2 of its levels.

You collected 67 gold pieces.

Inventory:

Armour
 a - a +0 robe (worn)
Jewellery
 g - a ring of fire
 k - an amulet of magic regeneration (around neck)
Scrolls
 d - 2 scrolls of teleportation {unknown}
 e - a scroll of identify {unknown}
 f - a scroll of fear {unknown}
Potions
 b - a potion of ambrosia
 c - a potion of might {unknown}
 h - a potion of lignification {unknown}
 i - a potion of flight {unknown}
 j - 2 potions of curing {unknown}


   Skills:
 - Level 3.0 Fighting
 - Level 2.6 Dodging
 - Level 1.7 Stealth
 + Level 3.8 Unarmed Combat


You had one spell level left.
You didn't know any spells.
Your spell library contained the following spells:

 Spells                   Type           Power      Damage    Failure   Level
 Slow                     Hex            0%         N/A       34%         1
 Confusing Touch          Hex            0%         N/A       71%         3
 Vampiric Draining        Necr           0%         2d6       71%         3


Dungeon Overview and Level Annotations

Branches:
Dungeon (2/15)

Altars:

Shops:
D:1 *

Annotations:
D:2 Natasha


Innate Abilities, Weirdness & Mutations

You regenerate a little health from kills.


Message History

You are too injured to fight recklessly!
You are too injured to fight recklessly!
You are too injured to fight recklessly!
You are too injured to fight recklessly!
You are too injured to fight recklessly!
You are too injured to fight recklessly!
You are too injured to fight recklessly!
You are too injured to fight recklessly!
You are too injured to fight recklessly!
You are too injured to fight recklessly!
You are too injured to fight recklessly!
Unknown command.
The endoplasm attacks as you move away! The endoplasm closely misses you.
The hobgoblin attacks as you move away! The hobgoblin closely misses you.
The kobold throws a stone.
The stone closely misses you. The endoplasm attacks as you move away!
The endoplasm closely misses you. The orc attacks as you move away!
The orc misses you.
The kobold throws a stone.
The stone barely misses you. The endoplasm attacks as you move away!
The endoplasm hits you but does no damage.
Natasha growls.
Natasha mumbles some strange words.
You feel troubled. The endoplasm attacks as you move away!
The endoplasm barely misses you.
You hit the endoplasm.
The endoplasm is almost dead.
The endoplasm misses you.
You hit the endoplasm.
You kill the endoplasm!
You hit the orc.
The orc is lightly wounded.
The orc hits you with a +0 hand axe.
You closely miss the orc.
The orc is lightly wounded.
The orc hits you with a +0 hand axe.
* * * LOW HITPOINT WARNING * * *
You hit the orc but do no damage.
The orc is lightly wounded.
The orc hits you with a +0 hand axe!
You die...

#.#####.#####.#
.............>#
######.###..####
#.........#
##....###.#
#.#### #.#
###.######.#
#........#.#
#@#.####.#.#
##o#.#<.#.#.#
###SB#.#....#.#
#..h##.######.#
..
##g####........#
... ##g.#
##########
...########w.##
..$..$.......#
.............####


You could see Natasha, a dart slug, an orc, a giant cockroach, a hobgoblin, a
goblin and a ball python.

Vanquished Creatures
  A dart slug (D:1)
  A ball python (D:1)
  4 endoplasms
  2 hobgoblins (D:1)
  2 jackals (D:1)
  6 kobolds (D:1)
  A quokka (D:1)
  A bat (D:1)
  A frilled lizard (D:1)
  4 rats (D:1)
23 creatures vanquished.

Notes
Turn   | Place    | Note
-------+----------+-------------------------------------------
     0 | D:1      | Maxmaps the Demonspawn Monk began the quest for the Orb.
     0 | D:1      | Reached XP level 1. HP: 18/18 MP: 1/1
   233 | D:1      | Gained mutation: You regenerate a little health from kills.
                  | [demonic ancestry]
   233 | D:1      | Reached XP level 2. HP: 6/24 MP: 2/2
   642 | D:1      | Found Emnos's Assorted Antiques.
   971 | D:2      | Noticed Natasha
   991 | D:2      | Slain by an orc

Illustrated notes

Levels and vault maps discovered:
D:1:      amcnicky_arrival_flooded_fountain, layout_rooms, serial_shops,
          shop_statue, serial_corexii_hall, corexii_hall_statues_l,
          corexii_hall_statues_deadend, chequers_hall_statues_y,
          minmay_misc_feat_pillars
D:2:      layout_basic, basic_altar, chequers_ecumenical_altar_island,
          uniq_natasha

Skill      XL: |  1 |
---------------+----+-----
Unarmed Combat | 3 |  3.8
Fighting       | |  3.0
Dodging        | |  2.6
Stealth        | |  1.7

Action                     || total
---------------------------++-------
  Melee: Unarmed           ||    82
         Punch             ||     3
   Stab: Sleeping          ||     5
 Armour: Robe              ||    13
  Dodge: Dodged            ||    48

Table legend: (Time is in decaauts)
 A = Elapsed time spent in this place.
 B = Non-inter-level travel time spent in this place.
 C = Inter-level travel time spent in this place.
 D = Time resting spent in this place.
 E = Time spent auto-exploring this place.
 F = Levels seen in this place.
 G = Mean time per level.
                   A        B        C        D        E       F      G
               +--------+--------+--------+--------+--------+-----+--------+
         Total |    985 |    951 |     34 |      0 |    743 |   2 |  492.5 |
       Dungeon |    985 |    951 |     34 |      0 |    743 |   2 |  492.5 |
               +--------+--------+--------+--------+--------+-----+--------+

Top non-repeatable levels by time:
     D:1: 898 daAuts
     D:2: 87 daAuts
